 Dungeon Crawl Stone Soup version 0.23.0-3-gf3c87f2 (webtiles) character file.

Game seed: 8942674301642901106

33158 melvinkitnick the Severer (level 13, -7/121 HPs)
             Began as a Deep Dwarf Fighter on Feb 24, 2019.
             Was the Champion of Makhleb.
             Mangled by Rupert
             ... wielding a +0 battleaxe of freezing
              (37 damage)
             ... on level 14 of the Dungeon.
             The game lasted 00:34:20 (10525 turns).

melvinkitnick the Severer (Deep Dwarf Fighter)     Turns: 10525, Time: 00:34:21

Health: -7/121     AC: 17    Str: 26    XL:     13   Next: 35%
Magic:  6/6        EV: 10    Int: 11    God:    Makhleb [******]
Gold:   929        SH:  0    Dex: 12    Spells: 12/12 levels left

rFire    + . .     SeeInvis .   C - +2 battleaxe (drain)
rCold    . . .     Gourm    +   (shield currently unavailable)
rNeg     . . .     Faith    .   y - +0 scale mail "Trusted Companion" {MR+ Str+3} (curse)
rPois    .         Spirit   .   G - +0 helmet
rElec    .         Reflect  .   w - +1 cloak
rCorr    .         Harm     .   B - +0 pair of gloves
MR       ++...     Rnd*Tele +   t - +2 pair of boots {Stlth+}
Stlth    +.........             v - amulet of the gourmand
HPRegen  0.00/turn              I - ring of protection from fire
MPRegen  0.10/turn              O - ring of teleportation (curse)

@: non-regenerating
A: damage resistance, heal wounds, sense surroundings 2, no regeneration
a: Heal Wounds, Minor Destruction, Lesser Servant of Makhleb, Major Destruction,
Greater Servant of Makhleb, Renounce Religion


You were on level 14 of the Dungeon.
You worshipped Makhleb.
Makhleb was exalted by your worship.
You were completely stuffed.

You visited 2 branches of the dungeon, and saw 15 of its levels.

You collected 929 gold pieces.

Inventory:

Hand Weapons
 u - a +0 whip of flaming
 C - a +2 battleaxe of draining (weapon)
Missiles
 F - a throwing net (quivered)
Armour
 t - a +2 pair of boots of stealth (worn)
 w - a +1 cloak (worn)
 y - the cursed +0 scale mail "Trusted Companion" (worn) {MR+ Str+3}
   (You found it on level 6 of the Dungeon)

   It affects your strength (+3).
   It affects your resistance to hostile enchantments.
   It has a curse placed upon it.
 B - a +0 pair of gloves (worn)
 G - a +0 helmet (worn)
 K - a +0 plate armour of cold resistance
Jewellery
 e - an uncursed ring of resist corrosion
 v - an amulet of the gourmand (around neck)
 x - an uncursed ring of positive energy
 I - a ring of protection from fire (left hand)
 O - a cursed ring of teleportation (right hand)
 X - an uncursed ring of protection from magic
Wands
 E - a wand of clouds (6)
 J - a wand of scattershot (3)
 M - a wand of paralysis (5)
 Q - a wand of enslavement (9)
 R - a wand of acid (6)
 W - a wand of disintegration (13)
Scrolls
 b - 11 scrolls of identify {unknown}
 g - a scroll of random uselessness {unknown}
 i - 2 scrolls of fog {unknown}
 j - a scroll of amnesia {unknown}
 k - 6 scrolls of teleportation {unknown}
 o - 6 scrolls of magic mapping {unknown}
 r - 8 scrolls of remove curse {unknown}
 s - 2 scrolls of enchant weapon {unknown}
 H - a scroll of noise {unknown}
 N - 2 scrolls of enchant armour {unknown}
 T - a scroll of summoning {unknown}
 U - a scroll of holy word {unknown}
Potions
 d - 3 potions of might
 h - 3 potions of cancellation {unknown}
 l - 3 potions of resistance {unknown}
 m - 2 potions of ambrosia {unknown}
 n - 7 potions of curing {unknown}
 p - 4 potions of berserk rage {unknown}
 q - 7 potions of agility {unknown}
 z - a potion of degeneration {unknown}
 A - 2 potions of heal wounds
 D - a potion of lignification {unknown}
 L - 3 potions of mutation {unknown}
 P - a potion of haste {unknown}
 V - a potion of flight {unknown}
 Y - a potion of brilliance {unknown}
Miscellaneous
 c - a lamp of fire (inert)
Comestibles
 a - 9 chunks of flesh
 f - 23 rations


   Skills:
 + Level 9.0 Fighting
 * Level 17.4 Axes
 + Level 10.6 Armour
   Level 3.2 Shields
 - Level 8.0 Invocations
 - Level 8.0 Evocations


You had 12 spell levels left.
You didn't know any spells.
Your spell library contained the following spells:

 Spells                   Type           Power        Failure   Level  Hunger
 Confusing Touch          Hex            #.....       56%         1    ##.....
 Corona                   Hex            #......      56%         1    ##.....
 Magic Dart               Conj           #...         56%         1    ##.....
 Ensorcelled Hibernation  Hex/Ice        #.....       71%         2    ###....
 Searing Ray              Conj           #.....       71%         2    ###....
 Confuse                  Hex            #.......     90%         3    ####...
 Dazzling Spray           Conj/Hex       #.....       90%         3    ####...
 Gell's Gravitas          Tloc           #.........   90%         3    ####...
 Tukima's Dance           Hex            #.......     90%         3    ####...
 Force Lance              Conj/Tloc      #.......     100%        4    #####..
 Fulminant Prism          Conj/Hex       #.........   100%        4    #####..
 Iskenderun's Mystic Bla  Conj           #.......     100%        4    #####..
 Petrify                  Tmut/Erth      #.......     100%        4    #####..
 Bolt of Magma            Conj/Fire/Erth #.........   100%        5    ######.
 Iskenderun's Battlesphe  Conj/Chrm      #.......     100%        5    ######.
 Metabolic Englaciation   Hex/Ice        #.........   100%        5    ######.
 Venom Bolt               Conj/Pois      #.........   100%        5    ######.
 Yara's Violent Unravell  Hex/Tmut       #.........   100%        5    ######.
 Iron Shot                Conj/Erth      #.........   100%        6    #######
 Orb of Destruction       Conj           #.........   100%        7    #######
 Spellforged Servitor     Conj/Summ      #.........   100%        7    #######


Dungeon Overview and Level Annotations

Branches:
Dungeon (14/15)            Temple (1/1) D:4            Lair (0/6) D:8
    Orc (0/2) D:10         Vaults (0/5) D:13

Altars:
Ashenzari
Cheibriados
Dithmenos
Elyvilon
Fedhas
Gozag
Hepliaklqana
Kikubaaqudgha
Makhleb
Nemelex Xobeh
Okawaru
Qazlal
Ru
Sif Muna
Trog
Uskayaw
Vehumet
Wu Jian
Xom
Yredelemnul
Zin
The Shining One

Shops:
D:4 (   D:5 %

Annotations:
D:4 dig
D:9 2 transporters, kalagan's ghost, novice DEEE
D:14 Rupert


Innate Abilities, Weirdness & Mutations

You are resistant to damage.
You can heal yourself by infusing magical energy.
You passively map the area around you.
You do not regenerate.


Message History

Things that are here:
a +0 dagger; a +0 robe Your magical essence is drained by the effort!
You feel much better.
Some of the chunks of flesh in your inventory have rotted away.
You feel much better.
The green ugly thing tentacle-slaps you!
Your magical essence is drained by the effort!
You feel much better.
Rupert hits you with a +0 battleaxe of freezing!
Rupert freezes you.
The green ugly thing tentacle-slaps you but does no damage.
Rupert hits you with a +0 battleaxe of freezing!!!
* * * LOW HITPOINT WARNING * * *
Rupert freezes you!
* * * LOW HITPOINT WARNING * * *
Items here: ( )) [ †† The green ugly thing barely misses you.
Rupert hits you with a +0 battleaxe of freezing!!!
You die...

#....##..#.#u.#...%
###........##.#.#.(#u
#.....(.##).@Z†.#..#
#.......#########J..,
#.......# #....
###..)### #.... #)uu#
* , ,..... ##@## * ,
#@# *,, , * ,, #.# ,
, #.# , ,, #.# , #.#
* ,, #.## #..# * ##.#
####### ##.## #...).#


You could see Rupert (berserk) and 2 ugly things.

Vanquished Creatures
  Kirke (D:13)
  3 vault guards (D:13)
  Erolcha (D:13)
  A centaur warrior (D:13)
  A two-headed ogre (D:11)
  3 death yaks
  2 unseen horrors
  A wizard (D:13)
  Pikel (D:5)
  8 ugly things
  2 orc knights (D:13)
  2 cyclopes
  A gargoyle (D:13)
  Psyche (D:10)
  3 kobold demonologists (D:14)
  A yaktaur (D:13)
  A troll (D:10)
  A hornet (D:14)
  9 slime creatures
  7 hippogriffs
  2 shadows
  A human (D:8)
  A wraith (D:12)
  5 vampire mosquitoes
  4 hogs (D:13)
  3 hungry ghosts
  Menkaure (D:5)
  A warg (D:10)
  8 orc warriors
  A water moccasin (D:13)
  6 sky beasts
  3 ice beasts
  4 slaves (D:5)
  2 eyes of draining
  3 phantoms
  3 black bears
  A necrophage (D:9)
  17 centaurs
  A crocodile (D:10)
  7 ogres
  Blork the orc (D:5)
  5 big kobolds
  12 bullfrogs
  A gnoll sergeant (D:7)
  A wyvern skeleton (D:8)
  9 scorpions
  A killer bee (D:7)
  5 wights (D:12)
  9 howler monkeys
  2 centaur zombies
  8 crimson imps
  A bullfrog zombie (D:10)
  3 bullfrog skeletons
  6 centaur skeletons
  9 hounds
  4 jellies
  17 orc wizards
  16 orc priests
  13 iguanas
  A hell rat (D:7)
  12 worker ants
  A killer bee zombie (D:9)
  A hound skeleton (D:7)
  2 river rats
  15 adders
  4 gnolls (D:7)
  6 shadow imps
  An ooze (D:3)
  2 adder zombies
  3 adder skeletons
  6 worms
  2 dart slugs
  8 leopard geckos
  58 orcs
  3 giant cockroaches
  5 goblins
  2 hobgoblins
  8 jackals
  11 kobolds
  15 quokkas
  A bat (D:3)
  4 frilled lizards
  A leopard gecko skeleton (D:6)
  A leopard gecko zombie (D:5)
  A quokka skeleton (D:4)
  2 quokka zombies
  9 rats
432 creatures vanquished.

Vanquished Creatures (others)
  An ogre mage (D:13)
  A troll (D:12)
2 creatures vanquished.

Grand Total: 434 creatures vanquished

Notes
Turn   | Place    | Note
-------+----------+-------------------------------------------
     0 | D:1      | melvinkitnick the Deep Dwarf Fighter began the quest for
                  | the Orb.
     0 | D:1      | Reached XP level 1. HP: 20/20 MP: 1/1
   782 | D:2      | Reached skill level 3 in Axes
   801 | D:2      | Reached XP level 2. HP: 25/27 MP: 2/2
   857 | D:2      | Reached XP level 3. HP: 21/33 MP: 3/3
   901 | D:2      | Reached skill level 4 in Axes
  1023 | D:2      | Found a bloodstained altar of Trog.
  1484 | D:3      | Reached XP level 4. HP: 26/40 MP: 4/4
  1726 | D:3      | Reached skill level 5 in Axes
  2040 | D:4      | Reached XP level 5. HP: 36/46 MP: 5/5
  2043 | D:4      | Reached skill level 6 in Axes
  2153 | D:4      | Noticed an ogre
  2172 | D:4      | Killed an ogre
  2172 | D:4      | Reached skill level 7 in Axes
  2172 | D:4      | Reached XP level 6. HP: 37/55 MP: 5/5
  2203 | D:4      | Found a staircase to the Ecumenical Temple.
  2218 | Temple   | Entered the Ecumenical Temple
  2453 | Temple   | Became a worshipper of Makhleb the Destroyer
  2570 | D:4      | Reached skill level 8 in Axes
  2578 | D:4      | Found a hazy altar of Hepliaklqana.
  2726 | D:4      | Found Zoco's Antique Weapon Boutique.
  2933 | D:5      | Entered Level 5 of the Dungeon
  2935 | D:5      | Noticed Menkaure
  2961 | D:5      | Found a stormy altar of Qazlal.
  2983 | D:5      | Reached XP level 7. HP: 45/61 MP: 6/6
  2992 | D:5      | Noticed Pikel
  3076 | D:5      | Killed Pikel
  3076 | D:5      | Reached skill level 10 in Axes
  3076 | D:5      | Reached XP level 8. HP: 35/68 MP: 7/7
  3096 | D:5      | Reached * piety under Makhleb
  3161 | D:5      | Found a shattered altar of Ashenzari.
  3312 | D:5      | Killed Menkaure
  3312 | D:5      | Reached skill level 11 in Axes
  3316 | D:5      | Noticed Blork the orc
  3331 | D:5      | Killed Blork the orc
  3403 | D:5      | Found Amunuleufu's Food Shoppe.
  3408 | D:5      | Found a shattered altar of Ashenzari.
  3651 | D:6      | Reached skill level 12 in Axes
  3684 | D:6      | Found a blossoming altar of Fedhas.
  3693 | D:6      | Found a white marble altar of Elyvilon.
  3705 | D:6      | Reached skill level 1 in Invocations
  3933 | D:6      | Gained mutation: You passively map the area around you.
                  | [Deep Dwarf growth]
  3933 | D:6      | Reached XP level 9. HP: 55/75 MP: 6/6
  4103 | D:6      | Reached ** piety under Makhleb
  4133 | D:6      | Found a sacrificial altar of Ru.
  4133 | D:6      | Found a shadowy altar of Dithmenos.
  4203 | D:6      | Got a faintly humming scale mail
  4278 | D:6      | Identified the cursed +0 scale mail "Trusted Companion"
                  | {MR+ Str+3} (You found it on level 6 of the Dungeon)
  4699 | D:7      | Paralysed by fainting for 11 turns
  4719 | D:7      | Reached skill level 13 in Axes
  4719 | D:7      | Reached skill level 5 in Armour
  4889 | D:7      | Reached *** piety under Makhleb
  4907 | D:7      | Got a shimmering dagger
  5046 | D:7      | Killed an unseen horror
  5046 | D:7      | Reached skill level 5 in Invocations
  5046 | D:7      | Reached XP level 10. HP: 54/87 MP: 8/8
  5811 | D:7      | Got an iridescent rapier
  6043 | D:8      | Noticed a death yak
  6060 | D:8      | Noticed a death yak
  6070 | D:7      | Killed a death yak
  6070 | D:7      | Reached skill level 5 in Fighting
  6077 | D:8      | Noticed a death yak
  6120 | D:7      | Killed a death yak
  6120 | D:7      | Reached skill level 14 in Axes
  6132 | D:8      | Killed a death yak
  6184 | D:8      | Reached **** piety under Makhleb
  6279 | D:8      | Found a glowing silver altar of Zin.
  6279 | D:8      | Noticed an angel
  6533 | D:8      | Noticed a moth of wrath
  6536 | D:8      | Found a bloodstained altar of Trog.
  6640 | D:8      | Found a staircase to the Lair.
  6777 | D:9      | Reached XP level 11. HP: 79/97 MP: 9/9
  6921 | D:9      | Found a transporter.
  6923 | D:9      | Identified the +9 great mace "Worm" {protect, rC+ MR- Str+5
                  | SInv}
  6923 | D:9      | Noticed a two-headed ogre
  6928 | D:9      | Noticed kalagan's ghost (novice DEEE)
  6929 | D:9      | Found a bloodstained altar of Trog.
  6929 | D:9      | Found a transporter.
  6936 | D:9      | Noticed a deep troll
  7474 | D:10     | Entered Level 10 of the Dungeon
  7480 | D:10     | Reached ***** piety under Makhleb
  7540 | D:10     | Noticed Psyche
  7550 | D:10     | Killed Psyche
  7605 | D:10     | Found a staircase to the Orcish Mines.
  7686 | D:10     | Noticed a red ugly thing
  7702 | D:10     | Killed a red ugly thing
  7702 | D:10     | Reached skill level 15 in Axes
  7913 | D:10     | Reached skill level 1 in Evocations
  8513 | D:11     | Noticed a red ugly thing
  8522 | D:11     | Killed a red ugly thing
  8777 | D:12     | Noticed a two-headed ogre
  8784 | D:12     | Noticed a cyan ugly thing
  8804 | D:11     | Killed a two-headed ogre
  8878 | D:12     | Reached XP level 12. HP: 62/109 MP: 8/8
  8988 | D:12     | Reached ****** piety under Makhleb
  9048 | D:12     | Reached skill level 16 in Axes
  9051 | D:12     | Reached skill level 5 in Evocations
  9487 | D:13     | Noticed Erolcha
  9495 | D:13     | Killed Erolcha
  9676 | D:13     | Noticed Kirke
  9714 | D:13     | Noticed a vault guard
  9724 | D:13     | Noticed an ogre mage
  9728 | D:13     | Killed an ogre mage
  9786 | D:13     | Reached skill level 10 in Armour
  9816 | D:13     | Killed a vault guard
  9831 | D:13     | Found a gate to the Vaults.
  9831 | D:13     | Noticed a vault guard
  9831 | D:13     | Noticed a vault guard
  9867 | D:13     | Killed a vault guard
  9974 | D:13     | Noticed a centaur warrior
  9976 | D:13     | Reached XP level 13. HP: 92/118 MP: 9/9
  9982 | D:13     | Reached skill level 17 in Axes
 10308 | D:13     | Killed Kirke
 10489 | D:14     | Noticed Rupert
 10510 | D:14     | HP: 1/121 [Rupert/+0 battleaxe of freezing (10)]
 10525 | D:14     | Mangled by Rupert

Skill      XL: |  1  2  3  4  5  6  7  8  9 10 11 12 13 |
---------------+----------------------------------------+-----
Axes           | 3 4 5 7 8 10 12 13 14 15 16 17 | 17.4
Invocations    | 1 5 7 8 |  8.0
Fighting       | 3 4 5 7 8 9 |  9.0
Armour         | 5 7 8 10 | 10.6
Evocations     | 4 7 8 |  8.0
Shields        | |  3.2

Action                   |  1- 3 |  4- 6 |  7- 9 | 10-12 | 13-15 || total
-------------------------+-------+-------+-------+-------+-------++-------
Melee: War axe           |   100 |   160 |   424 |    47 |       ||   731
       Battleaxe         |       |       |       |   718 |    87 ||   805
Throw: Throwing net      |       |       |       |       |     1 ||     1
 Abil: Heal Wounds       |     1 |     6 |    17 |    17 |     4 ||    45
Evoke: Wand              |       |       |       |     5 |       ||     5
       Lamp of fire      |       |       |       |       |     1 ||     1
  Eat: Chunk             |     2 |     5 |     6 |    52 |     2 ||    67
       Ration            |       |       |     2 |       |       ||     2
Armor: Scale mail        |    37 |    25 |    85 |   479 |    50 ||   676
       Chain mail        |       |    39 |    84 |       |       ||   123
Dodge: Dodged            |    27 |    41 |    77 |   432 |    50 ||   627
Block: Shield            |    50 |    58 |   166 |    17 |       ||   291
